 Dungeon Crawl Stone Soup version 0.29.1-2-gbd0b4ee654 (webtiles) character file.

Game seed: 6246135650535390450

271 cdecastro the Insei (level 5, -1/39 HPs)
             Began as a Demigod Transmuter on Nov 19, 2022.
             Slain by a gnoll
             ... wielding a +0 flail
              (11 damage)
             ... on level 3 of the Dungeon.
             The game lasted 00:07:49 (4596 turns).

cdecastro the Insei (Demigod Transmuter)            Turns: 4596, Time: 00:07:50

Health: -1/39      AC:  3    Str: 11    XL:     5   Next: 70%
Magic:  7/10       EV: 12    Int: 19    God:
Gold:   249        SH:  0    Dex: 14    Spells: 4/7 levels left

rFire   . . .      SeeInvis .     - Unarmed
rCold   . . .      Faith    .   (no shield)
rNeg    . . .      Spirit   .   a - +0 robe
rPois   .          Reflect  .   (helmet currently unavailable)
rElec   .          Harm     .   (no cloak)
rCorr   .          Rampage  .   c - +0 pair of gloves
Will    .....                   (boots currently unavailable)
Stlth   +.........              (no amulet)
HPRegen 0.13/turn               (no ring)
MPRegen 0.12/turn               (no ring)

@: appendages, wereblooded
A: horns 2, talons 2, high MP 1, forlorn, divine attributes
a: End Transformation


You were on level 3 of the Dungeon.
You had temporarily grown beastly horns and talons.
You visited 1 branch of the dungeon, and saw 4 of its levels.
You also visited: Sewer.

You collected 249 gold pieces.

Inventory:

Hand Weapons
 b - a +0 sling
Armour
 a - a +0 robe (worn)
 c - a +0 pair of gloves (worn)
 f - a +0 pair of boots
 j - a +0 leather armour
 t - a +2 scale mail of cold resistance
Jewellery
 w - a +4 ring of protection
Wands
 v - a wand of flame (25)
Scrolls
 i - 2 scrolls of teleportation {unknown}
 k - a scroll of summoning {unknown}
 n - 2 scrolls of noise {unknown}
 p - 4 scrolls of identify
 q - a scroll of fear {unknown}
 r - a scroll of torment {unknown}
 s - a scroll of acquirement {unknown}
 x - a scroll of immolation {unknown}
Potions
 d - 2 potions of heal wounds
 e - a potion of cancellation
 g - a potion of might {unknown}
 h - 2 potions of berserk rage
 l - a potion of curing {unknown}
 m - 2 potions of flight {unknown}
 o - a potion of magic {unknown}
 u - a potion of haste {unknown}
 z - a potion of lignification


   Skills:
 - Level 0.8 Fighting
 - Level 1.7 Dodging
 * Level 5.3 Unarmed Combat
 - Level 1.7 Spellcasting
 + Level 3.5 Transmutations


You had 4 spell levels left.
You knew the following spells:

 Your Spells              Type           Power      Damage    Failure   Level
a - Beastly Appendage     Tmut           30%        N/A       4%          1
b - Wereblood             Tmut           15%        N/A       6%          2

Your spell library contained the following spells:

 Spells                   Type           Power      Damage    Failure   Level
 Apportation              Tloc           2%         N/A       17%         1
 Spider Form              Tmut/Pois      8%         N/A       26%         3
 Ignite Poison            Fire/Tmut/Pois 6%         N/A       32%         3
 Conjure Flame            Conj/Fire      1%         6-21      45%         3
 Ice Form                 Ice/Tmut       8%         N/A       63%         4
 Sticky Flame             Conj/Fire      1%         2d3       86%         4
 Alistair's Intoxication  Tmut/Pois      5%         N/A       93%         5


Dungeon Overview and Level Annotations

Branches:
Dungeon (4/15)              Sewer (visited)
 Temple: D:4-7

Annotations:
D:3 Ijyb


Innate Abilities, Weirdness & Mutations

You have temporarily grown beastly horns and talons.
You have an increased reservoir of magic. (+10% MP)
You shall have no god before yourself.
Your divine heritage dramatically boosts your attributes as you level up.


Message History

There is a stone staircase leading down here.
You see here a +0 club.
There is a stone staircase leading down here.
You start resting.
HP restored.
You climb downwards.
Level annotation: Ijyb
There is a stone staircase leading up here.
Done exploring.
There is a stone staircase leading down here.
You climb downwards.
The hobgoblin shouts!
The gnoll shouts! x3; The kobold shouts!
The endoplasm quivers.
Found a Young Poisoner's Handbook, 13 gold pieces and a Fen Folio.
Found a stone staircase leading down.
There is a stone staircase leading up here.
Unknown command.
The gnoll closely misses you. The gnoll hits you with a +0 flail.
You climb upwards.
Level annotation: Ijyb
There is a stone staircase leading down here.
Unknown command.
Casting: Beastly Appendage (safe; 4% risk of failure)
Press: ? - help, Q - select action, (/) - cycle Dir - look around, f - activate You grow a pair of large bovine horns.
Your feet morph into talons.
The gnoll hits you with a +0 spear. The gnoll completely misses you.
Unknown command.
Casting: Beastly Appendage (safe; 4% risk of failure)
Confirm with . or Enter, or press ? or * to list all spells.
Your blood is infused with primal strength.
The gnoll closely misses you. The gnoll hits you with a +0 flail!
Unknown command.
You hit the gnoll. You claw the gnoll.
The gnoll is moderately wounded.
The gnoll hits you but does no damage. The gnoll hits you with a +0 flail!
* * * LOW HITPOINT WARNING * * *
You barely miss the gnoll. Your kick misses the gnoll.
The gnoll is moderately wounded.
The gnoll misses you. The gnoll hits you with a +0 flail!
You die...

.#.#...'................# #.
g#...###................# #.
.#.....#................# #.
........................#########
.#.........>.....######.#.....#
.#####.#.........######.#.###.#
....>..#.........<....#.#...'####
########........#####.#.#.#.#.(.#
# #.......g@g......#...#._.# #
####...#######.#.....#...# #
#...#.[...#.......#≈≈≈# #
#...#........#....#...# #
#...#...#.##<#....#._.# #
###.#.............#...# #####
##'##..##.#.#########+ ....#
#...........#.........
....########...........#.#####.#.


You could see 2 gnolls.

Vanquished Creatures
  Pargi (Sewer)
  An iguana (D:4)
  2 adders (D:2)
  4 gnolls (D:3)
  A river rat (D:3)
  2 worms
  3 dart slugs (D:1)
  11 ball pythons
  11 bats
  4 endoplasms
  7 giant cockroaches
  6 goblins
  6 hobgoblins
  2 kobolds
  2 quokkas
  5 frilled lizards
  6 rats
74 creatures vanquished.

Notes
Turn   | Place    | Note
-------+----------+-------------------------------------------
     0 | D:1      | cdecastro the Demigod Transmuter began the quest for the
                  | Orb.
     0 | D:1      | Reached XP level 1. HP: 15/15 MP: 5/5
   500 | D:1      | Reached skill level 3 in Unarmed Combat
   697 | D:1      | Reached XP level 2. HP: 22/22 MP: 5/7
  1769 | D:2      | Reached XP level 3. HP: 27/27 MP: 6/8
  2009 | D:2      | Learned a level 2 spell: Wereblood
  2456 | D:2      | Reached skill level 4 in Unarmed Combat
  2751 | D:3      | Found a glowing drain.
  2776 | Sewer    | Entered a sewer
  2815 | Sewer    | Noticed Pargi
  2826 | Sewer    | Killed Pargi
  2827 | Sewer    | Reached XP level 4. HP: 34/34 MP: 9/9
  2827 | Sewer    | Reached XP level 5. HP: 39/39 MP: 10/10
  3520 | D:3      | Reached skill level 5 in Unarmed Combat
  4299 | D:4      | Noticed Ijyb
  4596 | D:3      | Slain by a gnoll

Illustrated notes

Levels and vault maps discovered:
D:1:      evilmike_arrival_rings, layout_basic
D:2:      layout_rooms, chequers_ecumenical_altar_simple_redux,
          kennysheep_flooded_box, chequers_decorated_corner
D:3:      layout_basic, lemuel_doored_altar, mainiacjoe_overflow_divided_tiny,
          cheibrodos_sewer_entry_sluice, serial_glass, glass_columns_b,
          glass_columns_b, glass_columns_b, glass_columns_a, glass_columns_a,
          glass_columns_a, minmay_tree_intersection
D:4:      layout_rooms, uniq_ijyb

Skill      XL: |  1  2  3  4  5 |
---------------+----------------+-----
Unarmed Combat | 3 4 5 |  5.3
Transmutations | 2 3 |  3.5
Fighting       | |  0.8
Dodging        | |  1.7
Spellcasting   | |  1.7

Action                   |  1- 3 |  4- 6 || total
-------------------------+-------+-------++-------
Melee: Unarmed           |   141 |    90 ||   231
       Kick              |    28 |    18 ||    46
       Headbutt          |    10 |    10 ||    20
       Punch             |     1 |     2 ||     3
 Cast: Beastly Appendage |    30 |    23 ||    53
       Wereblood         |     1 |     4 ||     5
  Use: Scroll            |     2 |       ||     2
       Potion            |     1 |       ||     1
 Stab: Sleeping          |       |     2 ||     2
Armor: Robe              |    49 |     8 ||    57
       Skin              |    10 |       ||    10
Dodge: Dodged            |   116 |    51 ||   167
